Map: Goldenaura LE

Players

ZaRDieNT - Winner!

  • Race: Terran Terran
  • League: Master
  • Spawn Location: 12:00

Mix

  • Race: Zerg Zerg
  • League: Master
  • Spawn Location: 5:00

VOD

Have the link to the VOD?

Description

Time

  • Played on: July 22, 2024, 8:52 a.m.
  • Length: 9:11
Show
View Real Time Build Order
Export as new Build Order

ZaRDieNT Terran - Winner!

Build Orders: 2 Factory, Mech 

Get SALT Encoding   

  12  0:00  SCV  
  13  0:12  SCV  
  14  0:17  Supply Depot  
  14  0:24  SCV  
  15  0:39  SCV  
  15  0:40  Barracks  
  16  0:44  Refinery  
  16  0:51  SCV  
  17  1:03  SCV  
  18  1:15  SCV  
  19  1:27  Barracks Reactor  
  19  1:28  Orbital Command  
  19  1:44  Command Center  
  19  1:53  Supply Depot  
  19  1:54  SCV  
  20  2:03  Marine x2  
  20  2:07  SCV  
  23  2:16  Factory  
  23  2:20  SCV  
  23  2:21  Marine  
  25  2:23  Marine  
  25  2:29  Refinery  
  26  2:35  SCV  
  27  2:39  Marine  
  27  2:41  Marine  
  29  2:47  SCV  
  30  2:57  Bunker  
  30  2:59  Orbital Command, SCV  
  34  3:20  Hellion x2  
  34  3:21  Barracks Tech Lab  
  34  3:22  SCV  
  34  3:24  Factory  
  35  3:33  SCV  
  35  3:34  SCV  
  35  3:43  Hellion x2  
  35  3:45  SCV  
  38  3:51  SCV  
  37  3:56  Supply Depot  
  37  3:57  SCV  
  38  4:03  SCV  
  38  4:06  Hellion x2  
  38  4:09  SCV  
  44  4:11  Factory  
  44  4:14  Hellion  
  46  4:17  SCV  
  46  4:19  Barracks Reactor, Supply Depot, Infernal Pre-Igniter  
  46  4:22  SCV  
  48  4:30  Hellion x2, SCV  
  53  4:34  Refinery  
  53  4:41  Supply Depot, Hellion  
  53  4:43  SCV x2  
  57  4:46  Armory  
  57  4:55  SCV x2  
  59  5:05  Hellion  
  59  5:06  Hellion  
  63  5:08  Factory  
  51  5:22  Siege Tank, Hellion  
  51  5:23  SCV x2  
  58  5:30  Hellion  
  58  5:31  Supply Depot  
  58  5:35  Terran Vehicle Weapons Level 1, SCV x2  
  60  5:37  Barracks Reactor  
  60  5:38  Cyclone x2  
  60  5:42  Hurricane Engines  
  64  5:46  Cyclone, Refinery  
  64  5:47  SCV x2  
  68  5:52  Hellion  
  68  5:55  Siege Tank  
  73  5:59  Supply Depot, SCV  
  73  6:02  Supply Depot  
  74  6:10  Cyclone  
  76  6:13  Cyclone  
  76  6:14  Supply Depot  
  78  6:21  Hellion x4  
  78  6:22  Supply Depot  
  86  6:28  Siege Tank  
  89  6:37  Supply Depot  
  89  6:40  SCV x2  
  89  6:43  Cyclone x4  
  99  6:48  Hellion  
  99  6:50  Supply Depot  
  99  6:52  SCV x2  
  103  7:00  Cyclone  
  107  7:02  Siege Tank  
  107  7:05  Supply Depot  
  108  7:21  Cyclone  
  108  7:22  Cyclone x3  
  116  7:23  Cyclone  
  118  7:40  Siege Tank  
  95  7:58  Hellion x4  
  95  7:59  Hellion x2, SCV  
  95  8:00  SCV  
  100  8:16  Siege Tank, Command Center  
  103  8:24  Hellion x2  
  103  8:25  Hellion  
  111  8:27  Hellion  
  101  8:56  SCV  
Show
View Real Time Build Order
Export as new Build Order

Mix Zerg 

Build Orders: Hatch First 

Get SALT Encoding   

  12  0:01  Drone  
  13  0:12  Overlord  
  13  0:17  Drone  
  14  0:30  Drone x2  
  16  0:49  Hatchery  
  15  0:52  Drone  
  15  0:55  Drone  
  17  0:59  Drone  
  18  1:09  Extractor  
  17  1:14  Spawning Pool  
  17  1:17  Drone  
  17  1:20  Drone  
  18  1:27  Drone  
  19  1:38  Drone  
  20  1:48  Overlord  
  20  2:04  Queen x2, Zergling x4  
  26  2:08  Metabolic Boost  
  26  2:11  Drone  
  27  2:16  Drone  
  27  2:21  Drone  
  27  2:22  Drone  
  30  2:37  Hatchery  
  29  2:38  Drone  
  29  2:42  Drone  
  31  2:47  Queen  
  33  2:52  Overlord  
  33  2:55  Drone  
  33  2:57  Drone  
  35  3:01  Drone  
  36  3:15  Zergling x4  
  38  3:24  Zergling x8  
  41  3:31  Drone  
  42  3:36  Zergling x2  
  42  3:38  Zergling x2  
  41  3:47  Drone  
  41  3:48  Queen x3  
  43  3:49  Drone  
  43  3:50  Drone  
  49  3:57  Overlord  
  49  4:00  Evolution Chamber  
  49  4:02  Drone  
  49  4:15  Drone  
  49  4:16  Drone x3  
  53  4:20  Drone x4  
  53  4:24  Overlord x2  
  57  4:32  Overlord  
  57  4:37  Extractor, Drone  
  57  4:44  Drone x4  
  61  4:49  Drone x3  
  61  4:51  Zerg Missile Weapons Level 1  
  64  4:54  Roach Warren  
  64  4:58  Zergling x2  
  64  4:59  Zergling x14  
  69  5:06  Zergling x2  
  63  5:14  Drone x3  
  60  5:18  Drone x4  
  61  5:22  Drone x3  
  61  5:26  Spore Crawler  
  61  5:27  Drone x2  
  65  5:31  Drone  
  66  5:38  Lair  
  66  5:40  Drone x3  
  69  5:48  Hatchery  
  68  5:53  Drone x3  
  68  5:54  Drone  
  68  5:56  Drone  
  73  6:00  Drone x2  
  73  6:01  Overlord  
  73  6:04  Drone  
  76  6:06  Overlord  
  76  6:08  Roach  
  76  6:10  Roach  
  80  6:13  Drone  
  80  6:16  Extractor  
  80  6:17  Spore Crawler  
  80  6:18  Overlord x2  
  79  6:21  Roach  
  79  6:22  Roach  
  83  6:30  Drone x5  
  88  6:36  Overlord  
  88  6:44  Roach x4  
  96  6:50  Roach x7  
  96  6:51  Extractor  
  96  6:53  Extractor  
  108  6:55  Extractor, Overlord  
  108  6:56  Drone  
  108  7:01  Drone  
  108  7:02  Drone  
  108  7:03  Drone  
  108  7:04  Glial Reconstitution  
  108  7:07  Overlord  
  111  7:12  Roach  
  111  7:13  Drone x3, Roach  
  118  7:20  Roach  
  118  7:21  Zergling x10, Roach x2  
  123  7:31  Roach x3  
  125  7:38  Roach  
  125  7:39  Roach x3  
  119  7:45  Roach  
  119  7:46  Roach x4  
  119  7:49  Roach x2  
  115  7:53  Roach  
  115  7:54  Zergling x6, Roach  
  99  7:59  Roach x2  
  99  8:01  Roach x2  
  99  8:04  Roach x2  
  101  8:06  Zergling x2, Roach  
  101  8:09  Roach  
  102  8:16  Zergling x2, Roach x3  
  102  8:19  Roach  
  113  8:22  Roach  
  110  8:29  Roach  
  110  8:30  Roach x3  
  96  8:43  Roach x4  
  96  8:44  Roach  
  71  8:49  Roach x2  
  71  8:51  Ravager  
  71  8:52  Roach  
Tags
 
Composition
Mech
Matchup
TvZ
Spawn Locations
Cross Positions
Add a new tag
Caveats
  • Supply blocks, unpowered buildings, or Contaminate may cause inaccurate times.
  • Supply counts are checked every 10 seconds.